 Dungeon Crawl Stone Soup version 0.19.0-20-gbc5f0c6 (webtiles) character file.

324 McCoppin the Sneak (level 6, -1/42 HPs)
             Began as an Octopode Necromancer on Nov 17, 2016.
             Slain by Crazy Yiuf
             ... wielding a +3 quarterstaff of chaos
              (4 damage)
             ... on level 3 of the Dungeon.
             The game lasted 00:10:43 (3443 turns).

McCoppin the Sneak (Octopode Necromancer)           Turns: 3443, Time: 00:10:45

Health: -1/42      AC:  1    Str:  8    XL:     6   Next: 48%
Magic:  1/9        EV: 13    Int: 17    God:
Gold:   86         SH:  0    Dex: 14    Spells: 3 memorised, 2 levels left

rFire  . . .     SeeInvis .     h - +0 short sword
rCold  . . .     Gourm    .     (no shield)
rNeg   . . .     Faith    .     (helmet restricted)
rPois  +         Spirit   .     i - amulet of harm
rElec  .         Reflect  .     j - ring of wizardry
rCorr  .         Harm     +     p - ring of poison resistance
MR     .....                    (no ring)
Stlth  ++++......               (no ring)
                                (no ring)
                                (no ring)
                                (no ring)
                                (no ring)

@: very slightly contaminated, drained
A: almost no armour, stealthy swim, amphibious, 8 rings, constrict 8, camouflage
1, gelatinous body 1
a: no special abilities


You were on level 3 of the Dungeon.
You were hungry.

You visited 1 branch of the dungeon, and saw 3 of its levels.

You collected 86 gold pieces.

Inventory:

Hand Weapons
 h - a +0 short sword (weapon)
Missiles
 s - 2 throwing nets (quivered)
Jewellery
 i - an amulet of harm (around mantle)
 j - a ring of wizardry (left tentacle)
 p - a ring of poison resistance (right tentacle)
Scrolls
 c - a scroll of fear {unknown}
 d - a scroll of noise {unknown}
 g - a scroll of enchant armour {unknown}
 l - 2 scrolls of immolation {unknown}
 m - 2 scrolls of amnesia {unknown}
 r - 2 scrolls of recharging
 u - 2 scrolls of teleportation {unknown}
 w - a scroll of remove curse {unknown}
 x - a scroll of fog {unknown}
 y - a scroll of blinking {unknown}
Potions
 e - 2 potions of flight
 n - 2 potions of curing
 q - 2 potions of haste
 z - a potion of might
Books
 a - a book of Necromancy

   Spells                             Type                      Level
   a - Pain                           Necromancy                   1
   b - Animate Skeleton               Necromancy                   1
   c - Vampiric Draining              Necromancy                   3
   d - Regeneration                   Charms/Necromancy            3
   e - Animate Dead                   Necromancy                   4
   f - Control Undead                 Necromancy                   4
Comestibles
 b - a bread ration
 k - a meat ration
 t - 4 fruits


   Skills:
 + Level 3.4(3.0) Fighting
 - Level 2.0(1.6) Dodging
 - Level 6.0(5.5) Stealth
 - Level 2.0(1.6) Spellcasting
 + Level 5.3(4.9) Necromancy


You had 2 spell levels left.
You knew the following spells:

 Your Spells              Type           Power        Failure   Level  Hunger
a - Pain                  Necr           ###.         1%          1    ##.....
b - Vampiric Draining     Necr           ###.......   4%          3    ####...
c - Regeneration          Chrm/Necr      #.........   10%         3    ####...


Dungeon Overview and Level Annotations

Branches:
Dungeon (3/15)

Altars:
Ashenzari

Annotations:
D:3 Crazy Yiuf


Innate Abilities, Weirdness & Mutations

You cannot wear most types of armour.
You are very stealthy in the water. (Stealth+)
You are amphibious.
You can wear up to eight rings at the same time.
You can use your tentacles to constrict eight enemies at once.
Your skin changes colour to match your surroundings (Stealth+).
Your rubbery body absorbs attacks. (AC +1, EV +1)


Message History

You constrict Crazy Yiuf.
Crazy Yiuf hits you with a quarterstaff of chaos!
Casting: Regeneration
Confirm with . or Enter, or press ? or * to list all spells.
Aiming: Vampiric Draining
Press: ? - help, Shift-Dir - straight line, f - Crazy Yiuf
Aim: Crazy Yiuf, wielding a quarterstaff of chaos and wearing a cloak (lightly wounded, constricted by you)
You miscast Vampiric Draining.
You are very lightly contaminated with residual magic.
The world around you seems to dim momentarily.
You are feeling hungry.
You constrict Crazy Yiuf. Crazy Yiuf barely misses you.
You hit Crazy Yiuf but do no damage.
Crazy Yiuf is moderately wounded.
Your skin stops crawling.
You constrict Crazy Yiuf.
Crazy Yiuf hits you with a quarterstaff of chaos!
* * * LOW HITPOINT WARNING * * *
You feel drained.
You die...

........#...##.....#
........#...(....<.#
.........#...###.#.#
.....######### #####
.....# .....#
.....##♣♣ #####
####....♣♣ ♣♣#..)#
#.......♣♣♣♣.'.@g#
##........♣..♣#...#
.........♣.♣♣♣#####
.....##♣♣♣♣♣ ....##
....# ....# ....#
....#


You could see Crazy Yiuf.

Vanquished Creatures
  Sigmund (D:3)
  Robin (D:3)
  3 gnolls (D:2)
  4 adders
  A worm (D:2)
  3 dart slugs
  3 leopard geckos
  8 bats
  2 giant cockroaches
  17 goblins
  9 hobgoblins
  3 jackals (D:1)
  5 kobolds
  A quokka (D:3)
  A ball python (D:2)
  4 frilled lizards
  11 rats
77 creatures vanquished.

Notes
Turn   | Place    | Note
-------+----------+-------------------------------------------
     0 | D:1      | McCoppin the Octopode Necromancer began the quest for the Orb.
     0 | D:1      | Reached XP level 1. HP: 11/11 MP: 3/3
    50 | D:1      | Reached skill level 3 in Stealth
   441 | D:1      | Reached XP level 2. HP: 17/17 MP: 5/5
   616 | D:1      | Reached skill level 4 in Stealth
   904 | D:1      | Reached XP level 3. HP: 19/21 MP: 6/6
   974 | D:1      | Learned a level 3 spell: Vampiric Draining
  1160 | D:1      | Reached skill level 5 in Stealth
  1663 | D:2      | Reached skill level 6 in Stealth
  1663 | D:2      | Reached XP level 4. HP: 25/27 MP: 1/7
  1734 | D:2      | Learned a level 3 spell: Regeneration
  1860 | D:2      | Reached skill level 1 in Fighting
  2598 | D:2      | Found a shattered altar of Ashenzari.
  2801 | D:3      | Noticed Robin
  2826 | D:3      | Killed Robin
  2879 | D:3      | Reached XP level 5. HP: 33/33 MP: 8/8
  3101 | D:3      | Noticed Sigmund
  3143 | D:3      | Killed Sigmund
  3143 | D:3      | Reached skill level 5 in Necromancy
  3143 | D:3      | Reached XP level 6. HP: 41/42 MP: 3/9
  3234 | D:3      | Found a runed door.
  3434 | D:3      | Noticed Crazy Yiuf
  3443 | D:3      | Slain by Crazy Yiuf

Skill      XL: |  1  2  3  4  5 |
---------------+----------------+-----
Stealth        | 3 4 6 |  6.0
Fighting       | 1 3 |  3.4
Necromancy     | 5 |  5.3
Dodging        | |  2.0
Spellcasting   | |  2.0

Action                   |  1- 3 |  4- 6 || total
-------------------------+-------+-------++-------
Melee: Short sword       |    60 |    87 ||   147
       Unarmed           |     3 |       ||     3
       Constrict         |    16 |    24 ||    40
       Tentacles         |     7 |    12 ||    19
 Cast: Pain              |    11 |    17 ||    28
       Vampiric Draining |     3 |     6 ||     9
       Regeneration      |       |     6 ||     6
  Use: Scroll            |     4 |     2 ||     6
       Potion            |       |     3 ||     3
 Stab: Sleeping          |     7 |     9 ||    16
  Eat: Chunk             |     2 |     8 ||    10
Armor: Skin              |     8 |     4 ||    12
Dodge: Dodged            |    42 |    43 ||    85
